 Dungeon Crawl Stone Soup version 0.27-a0-1071-ga85bd9520d (webtiles) character file.

Game seed: 13781633963265987651

38 voltaire321 the Sneak (level 3, -1/20 HPs)
             Began as a Kobold Enchanter on Apr 24, 2021.
             Slain by Terence
             ... wielding a +0 mace of venom
              (4 damage)
             ... on level 2 of the Dungeon.
             The game lasted 00:03:13 (1443 turns).

voltaire321 the Sneak (Kobold Enchanter)            Turns: 1443, Time: 00:03:13

Health: -1/20      AC:  2    Str:  6    XL:     3   Next: 65%
Magic:  2/6        EV: 15    Int: 16    God:
Gold:   70         SH:  0    Dex: 15    Spells: 4/7 levels left

rFire    . . .     SeeInvis .   a - +1 dagger
rCold    . . .     Faith    .   (shield restricted)
rNeg     . . .     Spirit   .   b - +0 robe
rPois    .         Reflect  .   (no helmet)
rElec    .         Harm     .   (no cloak)
rCorr    .         Rampage  .   (no gloves)
Will     .....                  (no boots)
Stlth    ++++......             (no amulet)
HPRegen  0.06/turn              (no ring)
MPRegen  0.10/turn              (no ring)

@: lethally poisoned (-1 -> -5), very slightly contaminated
A: small, no large weapons, nightstalker 3
a: no special abilities


You were on level 2 of the Dungeon.
You visited 1 branch of the dungeon, and saw 2 of its levels.

You collected 70 gold pieces.

Inventory:

Hand Weapons
 a - a +1 dagger (weapon)
Armour
 b - a +0 robe (worn)
Jewellery
 i - a +4 ring of protection
Wands
 f - a wand of flame (3)
Scrolls
 c - a scroll of amnesia {unknown}
 e - a scroll of torment {unknown}
 g - a scroll of teleportation {unknown}
 h - a scroll of holy word {unknown}
Potions
 d - 4 potions of curing {unknown}
 j - a potion of mutation {unknown}


   Skills:
 + Level 1.1 Fighting
 + Level 2.1 Short Blades
 + Level 2.8 Dodging
 + Level 4.4 Stealth
 + Level 2.5 Spellcasting
 + Level 3.2 Hexes
 + Level 0.2 Ice Magic


You had 4 spell levels left.
You knew the following spells:

 Your Spells              Type           Power      Damage    Failure   Level
a - Corona                Hex            13%        N/A       5%          1
b - Ensorcelled Hibernat  Hex/Ice        14%        N/A       14%         2

Your spell library contained the following spells:

 Spells                   Type           Power      Damage    Failure   Level
 Confusing Touch          Hex            12%        N/A       16%         3
 Tukima's Dance           Hex            12%        N/A       16%         3
 Beastly Appendage        Tmut           4%         N/A       21%         1
 Wereblood                Tmut           2%         N/A       30%         2
 Dazzling Flash           Conj/Hex       14%        N/A       30%         3
 Spider Form              Tmut/Pois      1%         N/A       52%         3
 Ice Form                 Ice/Tmut       2%         N/A       88%         4
 Hydra Form               Tmut           1%         N/A       99%         5


Dungeon Overview and Level Annotations

Branches:
Dungeon (2/15)

Altars:

Shops:
D:2 (

Annotations:
D:2 Terence


Innate Abilities, Weirdness & Mutations

You are small and have problems with some larger weapons.
You are completely attuned to the shadows.


Message History

Terence shouts!
You closely miss Terence.
Terence hits you with a +0 mace of venom!
You are lethally poisoned!
You hit Terence but do no damage.
You feel very sick. Terence misses you.
Casting: Corona (safe; 5% risk of failure)
Confirm with . or Enter, or press ? or * to list all spells.
Aiming: Ensorcelled Hibernation (safe; 14% risk of failure)
Press: ? - help, Shift-Dir - straight line, f - Terence
Aim: Terence, wielding a +0 mace of venom and wearing a +0 chain mail (chance to affect: 48%)
You miscast Ensorcelled Hibernation.
You are very lightly contaminated with residual magic.
Nothing appears to happen.
You feel very sick. Terence closely misses you.
Casting: Ensorcelled Hibernation (safe; 14% risk of failure)
Confirm with . or Enter, or press ? or * to list all spells.
Aiming: Ensorcelled Hibernation (safe; 14% risk of failure)
Press: ? - help, Shift-Dir - straight line, f/p - Terence
Aim: Terence, wielding a +0 mace of venom and wearing a +0 chain mail (chance to affect: 48%) Terence looks drowsy...
* * * LOW HITPOINT WARNING * * *
You feel sick.
The helpless Terence fails to defend himself.
You puncture Terence!
Terence is severely wounded.
* * * LOW HITPOINT WARNING * * *
You feel sick. Terence completely misses you.
You hit Terence but do no damage.
Terence is severely wounded.
* * * LOW HITPOINT WARNING * * *
You feel sick. Terence misses you.
You hit Terence but do no damage.
Terence is severely wounded.
* * * LOW HITPOINT WARNING * * *
You feel sick.
Terence hits you with a +0 mace of venom.
You die...

##.#........# ...#.######.#
#.##.# #<.# #....# #..#
##########..########
#........#...∩.....#
#.######.#.........# #.#
#.#.........# #.# #.#......@@.#
#.#### #.#...#.###### ......
#.#........... #.####
#.#........... ..##..
#>............ ######### ####.#
#.###'#.#'#### #...##... #.##.#
#.# #.#.#..# #...#..#.
#....###.###.#.##.# #.....###
#......†.....#.##.#######....##.#


You could see Terence.

Vanquished Creatures
  An adder (D:2)
  5 ball pythons
  A bat (D:2)
  3 endoplasms (D:2)
  5 goblins
  3 hobgoblins (D:1)
  2 jackals (D:1)
  3 kobolds
  A quokka (D:2)
  3 rats
27 creatures vanquished.

Notes
Turn   | Place    | Note
-------+----------+-------------------------------------------
     0 | D:1      | voltaire321 the Kobold Enchanter began the quest for the
                  | Orb.
     0 | D:1      | Reached XP level 1. HP: 10/10 MP: 3/3
    36 | D:1      | Found a faded altar of an unknown god.
   212 | D:1      | Reached XP level 2. HP: 16/16 MP: 5/5
   738 | D:1      | Learned a level 2 spell: Ensorcelled Hibernation
  1125 | D:2      | Reached XP level 3. HP: 20/20 MP: 6/6
  1233 | D:2      | Reached skill level 1 in Fighting
  1336 | D:2      | Found Teh Amef's Weapon Shop.
  1434 | D:2      | Noticed Terence
  1443 | D:2      | Slain by Terence

Illustrated notes

Levels and vault maps discovered:
D:1:      evilmike_arrival_home_sweet_home, layout_loops_ring,
          shapermc_ecumenical_altar_totnotflames, minmay_pentomino_o2
D:2:      minmay_inner_zag, layout_basic, serial_shops, shop,
          kennysheep_generic_room_7, uniq_terence

Skill      XL: |  1  2  3 |
---------------+----------+-----
Short Blades   | 2 |  2.1
Fighting       | 1 |  1.1
Dodging        | |  2.8
Stealth        | |  4.4
Spellcasting   | |  2.5
Hexes          | |  3.2
Ice Magic      | |  0.2

Action                   || total
-------------------------++-------
Melee: Dagger            ||    76
 Cast: Corona            ||     4
       Ensorcelled Hiber ||     1
 Stab: Sleeping          ||    18
Armor: Robe              ||     3
Dodge: Dodged            ||    46

Table legend: (Time is in decaauts)
 A = Elapsed time spent in this place.
 B = Non-inter-level travel time spent in this place.
 C = Inter-level travel time spent in this place.
 D = Time resting spent in this place.
 E = Time spent auto-exploring this place.
 F = Levels seen in this place.
 G = Mean time per level.
                   A        B        C        D        E       F      G
               +--------+--------+--------+--------+--------+-----+--------+
         Total |   1435 |   1386 |     49 |    197 |    987 |   2 |  717.5 |
       Dungeon |   1435 |   1386 |     49 |    197 |    987 |   2 |  717.5 |
               +--------+--------+--------+--------+--------+-----+--------+

Top non-repeatable levels by time:
     D:1: 927 daAuts
     D:2: 508 daAuts
